 Dungeon Crawl Stone Soup version 0.31.0-1-g2c135a008e (webtiles) character file.

Game seed: 8770341351894401273

445 Destapler the Ruffian (level 6, 0/46 HPs)
             Began as a Demonspawn Shapeshifter on Jan 20, 2024.
             Slain by a ball python (1 damage)
             ... in a sewer.
             The game lasted 00:06:55 (3558 turns).

Destapler the Ruffian (Demonspawn Shapeshifter)     Turns: 3558, Time: 00:06:56

Health: 0/46       AC:  2    Str: 17    XL:     6   Next: 72%
Magic:  6/6        EV:  9    Int: 10    God:
Gold:   937        SH:  0    Dex: 12    Spells: 5/5 levels left

rFire   . .          .
                       - Unarmed
rCold   . . .        (no shield)
rNeg    . . .        a - +0 animal skin
rPois   .            h - melded +2 helmet
rElec   .            (cloak currently unavailable)
rCorr   .            (gloves currently unavailable)
SInv    .            (boots currently unavailable)
Will    .....        (no amulet)
Stlth   +            (no ring)
HPRegen 0.27/turn    (no ring)
MPRegen 0.10/turn

%: no passive effects
@: beast-form, constricted, very slow
A: beast (slay +2), foul stench 1, demonic touch 2
a: Begin Untransformation


You were in a sewer.
You were a hulking beast.
You visited 1 branch of the dungeon, and saw 4 of its levels.
You also visited: Sewer.

You collected 937 gold pieces.

Inventory:

Armour
 a - a +0 animal skin (worn)
 h - a +2 helmet (melded)
Jewellery
 q - a ring of resist corrosion
Talismans
 c - a beast talisman (active)
 d - a flux talisman
 i - a blade talisman
Wands
 p - a wand of mindburst (11)
Scrolls
 e - a scroll of fear
 f - a scroll of identify
 k - a scroll of teleportation
 m - a scroll of silence
 t - 2 scrolls of immolation {unknown}
Potions
 b - a potion of brilliance {unknown}
 g - a potion of invisibility {unknown}
 j - 2 potions of heal wounds
 l - 2 potions of curing
 n - 2 potions of haste {unknown}
 r - a potion of enlightenment {unknown}


   Skills:
 + Level 2.8 Fighting
 - Level 3.0 Dodging
 * Level 4.3 Unarmed Combat
 + Level 1.4 Evocations
 * Level 4.3 Shapeshifting


You had 5 spell levels left.
You didn't know any spells.
Your spell library contained the following spells:

 Spells                   Type           Power      Damage    Failure   Level
 Frozen Ramparts          Ice            0%         1d1       75%         3
 Leda's Liquefaction      Alch/Erth      0%         N/A       98%         4
 Petrify                  Alch/Erth      0%         N/A       98%         4
 Metabolic Englaciation   Hex/Ice        0%         N/A       100%        5


Dungeon Overview and Level Annotations

Branches:
Dungeon (4/15)              Sewer (1/1)
 Temple: D:4-7

Altars:

Shops:
D:1 [


Innate Abilities, Weirdness & Mutations

You are a hulking beast.
Your limbs bulge with bestial killing power. (Slay +2)
You may rarely emit foul miasma when damaged in melee.
Your touch may inflict irresistible damage on your foes.


Message History

The ball python bites you. The ball python grabs you.
The ball python constricts you. The adder bites you but does no damage.
The bullfrog barely misses you.
The bullfrog hits you but does no damage.
The ball python's grasp on you weakens, but your attempt to escape fails.
You feel sick. The ball python barely misses you.
The ball python constricts you.
The bullfrog snags a nearby mosquito with its tongue.
The bullfrog hits you.
* * * LOW HITPOINT WARNING * * *
The adder bites you.
* * * LOW HITPOINT WARNING * * *
You are more poisoned.
The adder poisons you! The bullfrog hits you!
* * * LOW HITPOINT WARNING * * *
The ball python bites you but does no damage.
The ball python constricts you.
* * * LOW HITPOINT WARNING * * *
You feel better. The bullfrog hits you.
* * * LOW HITPOINT WARNING * * *
The adder bites you.
* * * LOW HITPOINT WARNING * * *
You are poisoned.
The adder poisons you! The bullfrog hits you.
* * * LOW HITPOINT WARNING * * *
The bullfrog closely misses you.
The ball python bites you but does no damage.
The ball python constricts you.
* * * LOW HITPOINT WARNING * * *
The adder bites you.
* * * LOW HITPOINT WARNING * * *
You are more poisoned.
The adder poisons you! The bullfrog hits you.
* * * LOW HITPOINT WARNING * * *
You feel better.
The frilled lizard hisses angrily.
The bullfrog closely misses you. The bullfrog hits you!
* * * LOW HITPOINT WARNING * * *
The adder closely misses you. The ball python bites you.
You die...

....##
#......
.....#
#......
~..~.#
#.~.l.##
≈~~~~#
#≈≈≈~J≈#
≈≈~~~#
#≈~~≈≈J#
≈≈≈~~#
#≈≈~~≈≈#
≈~~~≈#
#≈~~~l≈#
~~≈~≈#
#≈~~SSF#
~~~≈≈#
#≈≈≈Fh~#
~≈~≈≈#
#≈≈≈~.~#
..~~≈#
#≈≈≈≈.~#
~[.~≈#
#≈≈≈≈~~#
..~.≈#
#≈≈~~#≈#
≈~≈~~#
#≈~~~~≈#
≈≈≈~~#
#≈~~~~≈#
~≈~~~#
#≈≈~~~≈#
~~~~≈#
#≈≈~≈≈~#


You could see 2 bullfrogs, an adder, 2 endoplasms, a ball python and 2 frilled
lizards.

Vanquished Creatures
  A black bear (D:4)
  A jelly (D:2)
  Ijyb (D:3)
  2 iguanas
  An orc wizard (D:4)
  7 adders
  6 river rats
  2 dart slugs
  3 ribbon worms
  6 orcs
  14 ball pythons
  6 endoplasms
  6 giant cockroaches
  4 hobgoblins
  A quokka (D:2)
  2 bats (D:1)
  5 frilled lizards
  7 goblins
  3 kobolds
  21 rats
99 creatures vanquished.

Notes
Turn   | Place    | Note
-------+----------+-------------------------------------------
     0 | D:1      | Destapler the Demonspawn Shapeshifter began the quest for
                  | the Orb.
     0 | D:1      | Reached XP level 1. HP: 15/15 MP: 1/1
   235 | D:1      | Found Uvaukuf's Armour Shop.
   238 | D:1      | Gained mutation: Your touch may inflict minor irresistible
                  | damage on your foes. [demonic ancestry]
   238 | D:1      | Reached XP level 2. HP: 21/21 MP: 2/2
   894 | D:2      | Reached XP level 3. HP: 19/27 MP: 3/3
   894 | D:2      | Gained mutation: Your touch may inflict irresistible damage
                  | on your foes. [demonic ancestry]
   894 | D:2      | Reached XP level 4. HP: 24/33 MP: 4/4
  1790 | D:3      | Noticed Ijyb
  1802 | D:3      | Killed Ijyb
  1803 | D:3      | Gained mutation: You may rarely emit foul miasma when
                  | damaged in melee. [demonic ancestry]
  1803 | D:3      | Reached XP level 5. HP: 17/38 MP: 5/5
  2488 | D:4      | Identified a scroll of acquirement
  2488 | D:4      | Acquired 761 gold pieces
  2577 | D:4      | Noticed a black bear
  2583 | D:4      | Killed a black bear
  2760 | D:4      | Reached skill level 1 in Evocations
  2760 | D:4      | Reached XP level 6. HP: 28/46 MP: 6/6
  2970 | D:4      | Found a glowing drain.
  2974 | Sewer    | Entered a sewer
  3557 | Sewer    | HP: 1/46 [bullfrog (3)]
  3558 | Sewer    | Slain by a ball python

Illustrated notes

Levels and vault maps discovered:
D:1:      elethiomel_arrival_shortcut, layout_basic, serial_shops, shop
D:2:      layout_basic, eino_tiny_chamber, minmay_tromino_i4
D:3:      layout_basic, st_stairs_6, uniq_ijyb
D:4:      layout_basic, fedhas_altar_4,
          mainiacjoe_sewer_entry_somewhere_in_here_2,
          serial_library_hellmonk_room_c
Sewer:    sewer_minmay_w

Skill      XL: |  1  2  3  4  5  6 |
---------------+-------------------+-----
Dodging        | 2 3 |  3.0
Unarmed Combat | 3 4 |  4.3
Shapeshifting  | 3 4 |  4.3
Fighting       | 2 |  2.8
Evocations     | 1 |  1.4

Action                     |  1- 3 |  4- 6 || total
---------------------------+-------+-------++-------
  Melee: Unarmed           |    65 |   171 ||   236
         Punch             |     1 |     1 ||     2
         Touch             |     7 |    27 ||    34
Ability: Begin Untransform |     1 |       ||     1
  Evoke: Wand              |       |     4 ||     4
    Use: Scroll            |       |    10 ||    10
         Potion            |       |     3 ||     3
   Stab: Sleeping          |     1 |     1 ||     2
 Armour: Animal skin       |    22 |   123 ||   145
         Skin              |       |     6 ||     6
  Dodge: Dodged            |    32 |   125 ||   157
   Form: Beast             |     1 |       ||     1
